Map: Old Estate

Players

Octavious

  • Race: Terran Terran
  • League: Gold
  • Spawn Location: 7:00

Zerberus

  • Race: Zerg Zerg
  • Spawn Location: 7:00

Rick

  • Race: Zerg Zerg
  • Spawn Location: 7:00

Verian

  • Race: Terran Terran
  • Spawn Location: 9:00

Grizzlemania - Winner!

  • Race: Terran Terran
  • League: Silver
  • Spawn Location: 1:00

thejatt - Winner!

  • Race: Zerg Zerg
  • Spawn Location: 3:00

gingas - Winner!

  • Race: Protoss Protoss
  • Spawn Location: 1:00

Winthrowe - Winner!

  • Race: Terran Terran
  • League: Silver
  • Spawn Location: 3:00

VOD

Have the link to the VOD?

Description

Time

  • Played on: Sept. 3, 2017, 5:18 p.m.
  • Length: 35:12
Show
View Real Time Build Order
Export as new Build Order

Octavious Terran 

Build Orders:  

Get SALT Encoding   

  12  0:19  SCV  
  13  0:30  Supply Depot  
  13  0:31  SCV  
  14  0:37  Refinery  
  14  0:43  SCV  
  15  0:57  SCV  
  15  1:03  Barracks  
  16  1:09  SCV  
  17  1:12  Engineering Bay  
  17  1:21  SCV  
  18  1:33  SCV  
  18  1:38  Refinery  
  19  1:46  SCV  
  20  1:52  Factory  
  20  2:05  SCV  
  21  2:16  Supply Depot  
  21  2:17  SCV  
  21  2:18  Barracks Tech Lab  
  23  2:30  SCV  
  23  2:37  Supply Depot  
  23  2:39  Factory Tech Lab  
  23  2:42  SCV  
  24  2:44  Factory  
  24  2:54  Supply Depot, SCV  
  25  3:06  SCV  
  26  3:18  SCV  
  27  3:24  Command Center  
  27  3:30  SCV  
  27  3:34  Factory Tech Lab  
  28  3:42  SCV  
  28  3:45  Supply Depot  
  29  3:55  Orbital Command  
  29  4:02  Building Armor  
  29  4:08  Supply Depot  
  29  4:11  Marine  
  30  4:20  Armory  
  30  4:22  SCV  
  31  4:34  SCV  
  31  4:37  Orbital Command  
  32  4:40  Refinery  
  32  4:46  SCV  
  33  4:53  Supply Depot  
  33  4:54  Refinery  
  33  4:55  Marine  
  33  4:58  SCV  
  35  5:04  SCV  
  36  5:10  Factory  
  36  5:15  Terran Vehicle And Ship Armor Level 1  
  36  5:16  SCV  
  37  5:28  SCV  
  38  5:40  SCV  
  39  5:50  Ghost Academy  
  39  5:56  Factory Tech Lab  
  39  6:07  Factory  
  39  6:13  Factory  
  39  6:24  Thor, Armory  
  39  6:25  Thor  
  51  6:33  Ghost  
  51  6:37  SCV  
  54  6:48  Personal Cloaking, Supply Depot  
  54  6:49  SCV  
  55  6:54  Factory Tech Lab  
  55  7:00  Factory Tech Lab  
  55  7:15  SCV  
  56  7:20  Thor  
  56  7:21  Thor  
  68  7:27  SCV  
  69  7:39  SCV  
  61  8:03  Thor x2  
  67  8:25  Thor  
  73  8:42  SCV  
  74  8:54  SCV  
  75  9:06  SCV  
  76  9:13  Nuke  
  76  9:14  Ghost  
  78  9:18  SCV  
  79  9:31  SCV  
  80  9:32  Terran Vehicle Weapons Level 1  
  80  9:38  Supply Depot  
  80  9:40  Widow Mine x2  
  80  9:41  Widow Mine x3  
  80  9:43  SCV  
  91  9:55  SCV  
  92  10:03  Terran Vehicle And Ship Armor Level 2  
  92  10:06  SCV  
  93  10:09  Widow Mine  
  95  10:18  SCV  
  96  10:30  SCV  
  97  11:32  Supply Depot  
  97  11:38  Thor x3  
  115  11:54  Thor  
  121  11:58  Supply Depot  
  121  12:03  Terran Vehicle Weapons Level 2  
  121  12:20  Thor  
  121  12:21  Thor  
  131  12:53  Thor  
  133  13:20  Thor  
  127  14:19  Terran Vehicle And Ship Armor Level 3, Supply Depot  
  127  14:40  Thor  
  133  15:00  Thor x2  
  133  15:02  Thor  
  133  15:03  Thor  
  85  15:23  Thor  
  85  15:33  Ghost  
  87  15:44  Hellion x2  
  87  15:46  Hellion x2  
  95  16:00  Starport  
  95  16:05  Hellion x2  
  95  16:06  Hellion  
  95  16:07  Hellion  
  95  16:08  Hellion  
  105  16:27  Hellion x2  
  105  16:28  Hellion x2  
  105  16:29  Hellion  
  115  16:48  Hellion x2  
  115  16:49  Hellion  
  115  16:50  Hellion x2  
  125  16:55  Command Center  
  125  17:09  Thor, Hellion  
  133  17:53  Hellion  
  133  18:06  Ghost  
  133  18:07  Hellion x4  
  143  18:15  Hellion  
  143  18:16  Missile Turret  
  145  18:29  Hellion  
  95  19:38  Thor  
  95  19:39  Thor x2  
  95  19:40  Hellion  
  95  19:41  Hellion  
  95  20:35  Hellion x4  
  93  20:36  Hellion  
  81  20:54  Refinery  
  81  20:56  Hellion, Refinery  
  83  20:58  Orbital Command  
  79  21:45  Starport Tech Lab  
  79  21:46  Ghost  
  81  22:01  Siege Tank  
  84  22:20  Command Center  
  84  22:40  Hellion x4  
  84  22:41  Hellion, Infernal Pre-Igniter  
  94  23:12  Nuke  
  77  23:38  Hellion x3  
  77  23:39  Hellion x2  
  71  23:59  Hellion  
  71  24:00  Hellion x4  
  81  24:21  Hellion x5  
  91  24:31  Nuke  
  91  24:42  Hellion x2  
  91  24:43  Hellion x2  
  87  25:30  Hellion x3  
  87  25:31  Hellion x2  
  91  25:52  Missile Turret, Hellion x5  
  91  25:56  Ghost  
  101  26:00  Command Center  
  103  26:05  Terran Vehicle Weapons Level 3  
  103  26:13  Hellion x4  
  103  26:14  Hellion  
  112  26:43  Siege Tank x2  
  98  27:31  Thor  
  68  28:05  Command Center  
  64  28:09  Hellion  
  64  28:10  Hellion x3  
  72  28:15  Hellion  
  67  28:27  Ghost  
  67  28:31  Hellion x4  
  77  28:36  Hellion  
  79  28:52  Hellion x3  
  79  28:53  Hellion  
  87  28:57  Hellion  
  89  29:14  Hellion x4  
  97  29:24  Planetary Fortress  
  97  29:28  Missile Turret  
  97  29:58  Nuke  
  94  30:11  Hellion  
  94  30:12  Hellion x4  
  100  30:33  Hellion x5  
  76  30:54  Hellion x2  
  72  31:22  Hellion  
  74  32:10  Refinery  
  74  32:14  Refinery  
  74  32:39  Hellion  
  74  32:40  Hellion x4  
  84  32:44  Hellion x13  
  84  33:00  Hellion  
  84  33:01  Hellion x4  
  84  33:22  Hellion  
  58  34:01  Thor x4  
  58  34:02  Thor  
Show
View Real Time Build Order
Export as new Build Order

Zerberus Zerg 

Build Orders: Hatch First 

Get SALT Encoding   

  12  0:01  Drone  
  13  0:13  Overlord  
  13  0:21  Drone  
  14  0:31  Drone x2  
  17  0:42  Drone  
  17  0:46  Drone  
  18  1:00  Drone  
  18  1:03  Hatchery  
  18  1:08  Drone  
  19  1:13  Extractor  
  18  1:20  Spawning Pool  
  18  1:22  Drone  
  18  1:31  Drone  
  19  1:44  Drone  
  20  1:52  Drone  
  21  2:02  Overlord  
  21  2:14  Queen  
  21  2:15  Drone  
  24  2:17  Drone  
  24  2:18  Queen  
  28  2:22  Drone  
  28  2:26  Zergling x2  
  29  2:30  Metabolic Boost  
  29  2:35  Zergling x2  
  30  2:41  Zergling x2  
  31  2:45  Zergling x2  
  32  2:54  Drone  
  32  2:55  Drone  
  32  2:56  Queen  
  36  3:11  Overlord  
  36  3:12  Overlord x2  
  36  3:29  Queen  
  36  3:30  Drone  
  36  3:31  Drone x3  
  42  3:35  Lair  
  42  4:03  Drone x4  
  42  4:04  Hatchery, Drone x2  
  47  4:15  Evolution Chamber  
  46  4:18  Drone x2  
  48  4:35  Spore Crawler  
  48  4:36  Spore Crawler  
  48  4:37  Drone x4  
  50  4:44  Zerg Missile Weapons Level 1  
  50  4:49  Hydralisk Den  
  49  4:54  Drone  
  49  4:55  Drone x5  
  55  5:04  Baneling Nest  
  54  5:07  Drone  
  54  5:08  Extractor, Drone x3  
  57  5:18  Drone x3  
  60  5:34  Hydralisk  
  60  5:35  Hydralisk x2  
  62  5:39  Overlord x4  
  62  5:40  Overlord x2  
  66  6:05  Spore Crawler  
  66  6:06  Spore Crawler  
  66  6:10  Spine Crawler  
  63  6:17  Spine Crawler  
  62  6:18  Hydralisk, Spine Crawler  
  62  6:19  Hydralisk x4  
  62  6:24  Drone x9  
  62  6:25  Drone x6  
  86  6:29  Extractor  
  86  6:30  Extractor  
  86  6:32  Extractor  
  83  6:35  Extractor, Drone  
  83  6:36  Spore Crawler, Drone x2  
  84  6:56  Baneling  
  84  6:57  Baneling x7  
  84  6:58  Zergling x6  
  84  6:59  Zergling x14  
  94  7:18  Drone  
  94  7:19  Drone x10  
  105  7:33  Spore Crawler, Hydralisk x4  
  105  7:34  Hydralisk  
  114  7:37  Overlord  
  114  7:40  Overseer  
  114  7:50  Overlord x8  
  114  8:00  Muscular Augments  
  114  8:02  Zerg Ground Armor Level 1  
  114  8:52  Hydralisk  
  114  8:53  Hydralisk x17  
  114  8:54  Hydralisk x4  
  158  9:03  Drone x3  
  158  9:08  Overseer x2  
  161  9:19  Drone x5  
  161  9:20  Drone x3  
  169  9:24  Spore Crawler  
  169  9:25  Spore Crawler  
  169  9:28  Spore Crawler  
  169  9:30  Spore Crawler  
  165  9:33  Spore Crawler  
  165  9:34  Spore Crawler  
  165  9:36  Spore Crawler x2  
  165  9:37  Spore Crawler  
  165  9:38  Spore Crawler  
  159  9:52  Evolution Chamber  
  159  9:57  Infestation Pit  
  157  10:04  Zerg Ground Armor Level 2  
  157  10:13  Pneumatized Carapace  
  157  10:15  Burrow  
  157  10:19  Zerg Missile Weapons Level 2  
  157  10:26  Hydralisk  
  157  10:27  Hydralisk x9  
  177  10:32  Overlord x5  
  177  10:33  Overlord x7  
  177  11:22  Hydralisk  
  177  11:23  Hydralisk x10  
  199  11:28  Baneling  
  199  11:29  Baneling x6  
  199  11:35  Baneling  
  199  11:36  Baneling x12  
  199  11:39  Centrifical Hooks  
  195  11:44  Hive  
  195  11:56  Overseer  
  195  12:01  Overseer  
  195  12:03  Overseer  
  193  12:38  Hydralisk x2  
  193  12:39  Hydralisk x3  
  165  13:45  Hydralisk  
  165  13:47  Hydralisk x11  
  165  13:48  Hydralisk x6  
  189  15:09  Hatchery  
  162  15:32  Hydralisk  
  162  15:33  Hydralisk x17  
  114  16:02  Hatchery  
  114  16:04  Extractor  
  112  16:06  Extractor  
  112  16:08  Extractor  
  112  16:11  Extractor  
  107  16:44  Hydralisk x6  
  107  16:45  Hydralisk x3  
  125  17:19  Spore Crawler  
  125  17:21  Spore Crawler  
  123  17:23  Spore Crawler  
  123  17:24  Spore Crawler  
  121  17:42  Hydralisk x11  
  121  17:43  Hydralisk x4  
  151  17:53  Spore Crawler  
  151  17:54  Spore Crawler  
  151  17:55  Spore Crawler x2  
  151  17:57  Spore Crawler x2  
  151  17:58  Spore Crawler  
  144  17:59  Spore Crawler  
  144  18:01  Spore Crawler  
  144  18:03  Hydralisk x2  
  106  19:13  Hydralisk  
  106  19:15  Hydralisk  
  106  19:16  Hydralisk x6  
  106  20:05  Hatchery  
  105  20:11  Drone x2  
  99  21:42  Drone  
  99  21:43  Drone x10  
  110  22:07  Zergling x26  
  123  22:13  Hatchery  
  122  22:16  Hatchery  
  121  22:36  Hydralisk x3  
  127  22:37  Hydralisk  
  127  22:38  Hydralisk x2  
  127  22:39  Hydralisk  
  68  23:28  Hydralisk  
  68  23:29  Hydralisk x14  
  68  23:30  Hydralisk  
  30  24:27  Drone x3  
  30  24:29  Drone x3  
  36  24:32  Drone  
  36  24:33  Drone x12  
  33  25:00  Hydralisk  
  33  25:01  Hydralisk x10  
  49  25:14  Hydralisk  
  49  25:15  Hydralisk x3  
  30  25:48  Hydralisk  
  30  25:49  Hydralisk x7  
  46  26:15  Hydralisk x3  
  46  26:16  Hydralisk x4  
  38  28:10  Hydralisk x11  
  38  28:11  Hydralisk x2  
  50  28:55  Drone  
  9  32:01  Hatchery  
Show
View Real Time Build Order
Export as new Build Order

Rick Zerg 

Build Orders: Pool First 

Get SALT Encoding   

  12  0:03  Drone  
  13  0:15  Overlord  
  13  0:19  Drone  
  14  0:27  Extractor  
  13  0:29  Drone  
  13  0:34  Drone  
  15  0:54  Drone x2  
  17  1:02  Drone  
  18  1:08  Spawning Pool  
  17  1:13  Extractor  
  17  1:14  Drone  
  17  1:57  Drone x2  
  17  1:58  Drone  
  17  2:01  Lair  
  20  2:40  Hatchery  
  19  2:49  Drone  
  19  2:50  Overlord, Drone  
  21  3:12  Spire  
  21  3:15  Queen  
  21  3:18  Drone x2  
  24  3:48  Drone x2  
  24  3:49  Drone  
  27  4:05  Drone x2  
  27  4:06  Queen  
  32  4:17  Drone  
  32  4:23  Extractor  
  31  4:31  Spore Crawler  
  30  4:35  Spore Crawler  
  29  4:39  Spore Crawler  
  29  4:41  Spore Crawler  
  27  4:49  Drone x2  
  27  4:50  Drone  
  30  4:56  Mutalisk x3  
  36  5:00  Overlord x3  
  36  5:06  Zerg Flyer Weapons Level 1  
  36  5:20  Drone  
  36  5:21  Drone x2  
  39  5:22  Mutalisk x2  
  43  6:06  Mutalisk x6  
  43  6:07  Mutalisk  
  47  7:19  Drone x6  
  53  7:34  Corruptor x3  
  36  9:32  Queen  
  36  9:37  Corruptor x5  
  36  9:38  Corruptor x2  
  50  9:40  Overlord  
  50  9:45  Overlord x2  
  52  9:46  Overlord x4  
  52  10:07  Infestation Pit  
  51  10:40  Zerg Flyer Armor Level 1  
  51  10:43  Hatchery  
  50  10:55  Hive  
  50  11:07  Extractor  
  49  11:17  Drone x3  
  49  11:18  Overlord x2, Drone  
  53  11:56  Corruptor x5  
  53  11:57  Corruptor  
  65  12:05  Queen  
  65  12:06  Drone  
  65  12:07  Drone  
  59  13:23  Corruptor x2  
  59  13:24  Corruptor  
  59  13:25  Corruptor x3  
  59  13:26  Corruptor x3  
  65  15:51  Greater Spire  
  65  16:04  Extractor  
  65  16:06  Extractor  
  63  17:06  Corruptor x2  
  63  17:07  Corruptor x4  
  75  17:20  Brood Lord  
  75  17:21  Brood Lord x4  
  75  17:22  Brood Lord  
  87  18:18  Overseer x3  
  77  20:14  Brood Lord x3  
  77  20:15  Brood Lord x2  
  77  20:17  Corruptor  
  63  22:28  Corruptor x5  
  73  22:31  Zergling x10  
  73  22:32  Zergling x8  
  73  22:34  Zergling x8  
  73  22:35  Zergling x12  
  73  22:36  Zergling x4  
  35  25:02  Hydralisk Den  
  28  25:54  Hatchery  
  27  26:06  Extractor  
  26  26:29  Queen  
  26  26:30  Extractor, Hydralisk  
  26  26:31  Hydralisk x6  
  26  26:32  Hydralisk x2  
  45  26:49  Hydralisk x3  
  45  26:50  Hydralisk x3  
  45  26:52  Hydralisk  
  59  27:42  Hydralisk x2  
  59  27:43  Hydralisk x6  
  43  28:30  Queen  
  43  28:31  Drone  
  43  28:32  Drone x2  
  48  29:23  Hydralisk x4  
  48  29:24  Hydralisk x3  
  52  29:26  Hydralisk x5  
  52  29:27  Hydralisk  
  52  29:28  Hydralisk  
  52  29:29  Hydralisk x2  
  52  29:30  Overlord x2  
  52  29:31  Overlord  
  80  29:34  Overlord x3  
  50  30:56  Hydralisk x4  
  40  30:58  Hydralisk  
  40  30:59  Hydralisk x3  
  40  31:02  Hydralisk x4  
  56  31:39  Drone x4  
  60  32:05  Hatchery  
  59  32:13  Mutalisk x6  
  59  32:15  Mutalisk x3  
  71  32:16  Mutalisk x3  
  83  32:23  Mutalisk  
  83  32:24  Overlord  
  83  32:25  Overlord x4  
  85  32:34  Drone x4  
Show
View Real Time Build Order
Export as new Build Order

Verian Terran 

Build Orders:  

Get SALT Encoding   

  12  0:07  SCV  
  13  0:18  Supply Depot  
  13  0:28  SCV  
  14  0:40  SCV  
  15  0:46  Barracks  
  15  0:47  Refinery  
  15  0:52  SCV  
  16  1:07  SCV  
  17  1:16  Refinery  
  17  1:19  SCV  
  18  1:31  SCV  
  19  1:43  SCV  
  20  1:47  Engineering Bay  
  20  1:55  SCV  
  21  2:07  SCV  
  22  2:19  SCV  
  23  2:23  Command Center  
  23  2:42  Factory  
  23  2:52  Missile Turret  
  23  3:01  Supply Depot  
  23  3:22  Marine  
  23  3:25  Missile Turret  
  23  3:26  Supply Depot  
  24  3:34  Starport  
  24  3:38  Refinery  
  24  3:40  SCV  
  25  3:50  Missile Turret  
  25  3:52  SCV  
  26  4:04  SCV, Refinery  
  26  4:09  SCV  
  28  4:16  SCV  
  29  4:21  SCV  
  30  4:26  Starport Tech Lab  
  30  4:28  SCV  
  31  4:31  Missile Turret  
  31  4:33  Fusion Core  
  31  4:40  SCV  
  32  4:53  Missile Turret, SCV  
  33  5:05  SCV  
  34  5:13  Missile Turret  
  34  5:17  SCV  
  34  5:18  Orbital Command  
  35  5:24  Starport  
  35  5:29  Battlecruiser, SCV  
  42  5:36  Weapon Refit  
  42  5:41  SCV  
  43  5:53  SCV  
  44  6:05  SCV  
  44  6:09  Starport Tech Lab  
  45  6:17  SCV  
  46  6:29  SCV  
  47  6:34  Battlecruiser  
  53  6:41  SCV  
  53  6:43  Supply Depot  
  54  7:05  SCV  
  54  7:07  Supply Depot  
  55  7:18  SCV  
  56  7:29  Supply Depot  
  56  7:30  SCV  
  56  7:36  Battlecruiser  
  63  7:42  SCV  
  64  7:49  Raven  
  64  7:50  Corvid Reactor  
  65  9:03  Raven, Battlecruiser  
  73  9:33  Recalibrated Explosives  
  73  9:38  Refinery  
  73  9:40  Orbital Command  
  73  9:42  Refinery  
  73  9:48  Missile Turret  
  73  9:55  Command Center  
  73  10:08  Starport  
  73  10:17  Starport  
  73  10:57  Missile Turret  
  73  11:17  Missile Turret  
  73  11:19  Starport Tech Lab  
  73  11:20  Starport Tech Lab  
  73  11:32  Supply Depot  
  73  11:34  Supply Depot  
  73  11:38  Missile Turret, Armory  
  73  11:40  Armory  
  73  11:44  Raven, Battlecruiser x2  
  73  11:45  Raven  
  89  11:57  Supply Depot  
  89  12:00  Missile Turret  
  85  12:21  Missile Turret  
  85  12:30  Terran Ship Weapons Level 1  
  85  12:31  Terran Vehicle And Ship Armor Level 1  
  85  12:39  Orbital Command  
  72  14:04  Battlecruiser  
  72  14:05  Raven, Battlecruiser x2  
  86  15:08  Raven  
  88  15:50  Raven  
  90  15:58  Battlecruiser x3  
  108  16:18  Starport  
  108  16:20  Starport x2  
  108  16:21  Starport  
  108  16:33  Raven  
  110  16:48  Terran Ship Weapons Level 2  
  110  16:49  Terran Vehicle And Ship Armor Level 2  
  110  16:59  Starport Tech Lab x3  
  110  17:00  Starport Tech Lab  
  110  17:16  Raven  
  110  17:21  Raven  
  114  17:38  Supply Depot  
  114  17:41  Supply Depot  
  114  17:42  Supply Depot  
  114  17:44  Orbital Command  
  114  17:45  Supply Depot x2  
  114  17:49  Orbital Command  
  114  17:55  Orbital Command  
  114  17:56  Supply Depot  
  114  17:59  Raven  
  114  18:00  Battlecruiser  
  114  18:03  Battlecruiser x3  
  114  18:05  Supply Depot  
  140  18:06  Raven  
  140  18:07  Supply Depot  
  140  18:09  Supply Depot  
  140  18:12  Supply Depot  
  142  18:15  Supply Depot  
  112  19:52  Battlecruiser x2  
  80  23:33  Raven x3  
  80  23:34  Raven x3  
  68  25:13  Raven x2  
  66  26:20  Battlecruiser  
  66  26:22  Raven  
  62  28:20  Refinery  
  62  28:21  Refinery  
  62  28:56  Orbital Command  
  62  29:40  Battlecruiser  
  50  30:28  Raven  
  52  30:38  Raven  
  54  31:18  Raven  
  56  32:28  Raven  
  58  32:33  Raven  
  60  33:11  Raven  
Show
View Real Time Build Order
Export as new Build Order

Grizzlemania Terran - Winner!

Build Orders:  

Get SALT Encoding   

  12  0:01  SCV  
  13  0:13  SCV  
  14  0:23  Supply Depot  
  14  0:27  SCV  
  15  0:52  Barracks  
  15  1:09  Command Center  
  15  1:11  SCV  
  16  1:20  Refinery  
  16  1:30  SCV  
  17  1:42  Barracks  
  17  1:45  Marine  
  19  1:47  SCV  
  19  1:58  Refinery  
  19  1:59  SCV  
  21  2:10  Barracks Reactor  
  20  2:17  SCV, Engineering Bay  
  20  2:22  SCV  
  23  2:30  SCV  
  23  2:31  Barracks Tech Lab  
  23  2:34  SCV  
  24  2:38  Supply Depot  
  24  2:42  SCV  
  25  2:51  Factory  
  25  2:56  SCV  
  26  3:00  Marine  
  26  3:01  Marine  
  28  3:08  Supply Depot  
  28  3:22  Orbital Command  
  28  3:28  Planetary Fortress  
  28  3:32  Marine x2  
  30  3:36  Marauder  
  32  3:49  SCV  
  32  3:53  Factory Reactor  
  33  4:01  SCV  
  34  4:05  Missile Turret  
  34  4:07  Missile Turret  
  34  4:10  Missile Turret  
  34  4:11  SCV  
  34  4:13  SCV  
  34  4:16  Marine x3  
  39  4:22  Combat Shields  
  39  4:23  SCV  
  40  4:27  SCV  
  41  4:33  Widow Mine  
  41  4:35  SCV  
  41  4:36  Widow Mine  
  46  4:40  SCV  
  47  4:47  SCV  
  48  4:55  Factory  
  48  4:59  Refinery  
  48  5:01  Refinery  
  48  5:02  SCV  
  48  5:06  Terran Infantry Armor Level 1  
  49  5:08  Marine  
  50  5:14  SCV  
  50  5:17  Marauder  
  50  5:19  SCV  
  54  5:25  Supply Depot  
  54  5:41  Supply Depot, Command Center  
  54  5:46  Widow Mine x2  
  54  5:47  Supply Depot  
  58  5:53  Starport, Factory Tech Lab  
  58  5:59  Marine  
  58  6:01  Missile Turret  
  59  6:10  Supply Depot  
  59  6:11  Missile Turret  
  59  6:13  Missile Turret  
  59  6:14  Widow Mine  
  61  6:27  SCV  
  62  6:39  SCV  
  63  6:47  Missile Turret  
  63  6:51  Armory, Starport Reactor  
  63  6:57  Supply Depot  
  63  6:58  SCV  
  63  7:01  Terran Infantry Weapons Level 1  
  64  7:03  Missile Turret  
  64  7:05  Orbital Command  
  64  7:10  SCV  
  64  7:12  Marine x2  
  64  7:15  Siege Tank  
  70  7:18  SCV  
  71  7:23  SCV  
  71  7:25  Missile Turret  
  71  7:28  Engineering Bay  
  72  7:30  SCV  
  72  7:35  SCV x2  
  75  7:39  Armory, Widow Mine x2  
  75  7:42  SCV  
  80  7:51  Drilling Claws  
  80  7:54  Terran Vehicle Weapons Level 1  
  80  7:56  Hi-Sec Auto Tracking  
  80  7:59  SCV  
  81  8:08  Viking x2  
  85  8:17  Widow Mine  
  87  8:38  Terran Ship Weapons Level 1  
  87  8:40  Widow Mine  
  89  8:42  SCV  
  89  8:43  SCV  
  91  9:11  SCV  
  91  9:16  Viking x2  
  96  9:17  Widow Mine  
  96  9:23  SCV  
  99  9:24  Thor  
  99  9:27  Widow Mine  
  107  9:32  Terran Infantry Armor Level 2  
  107  9:33  Terran Infantry Weapons Level 2  
  107  9:35  SCV  
  108  9:38  Refinery  
  108  9:40  Refinery  
  108  9:43  Marine  
  109  9:54  Supply Depot  
  109  9:59  Supply Depot  
  109  10:16  Marine x2, Viking, SCV, Siege Tank  
  109  10:17  Supply Depot  
  117  10:22  Supply Depot  
  117  10:26  Starport  
  117  10:30  Viking  
  117  10:34  Marine x2, Terran Vehicle And Ship Armor Level 1  
  121  10:36  Terran Ship Weapons Level 2  
  121  10:38  Widow Mine x2  
  121  10:42  Factory  
  125  10:46  Viking  
  125  10:47  Missile Turret  
  127  10:51  Marine x2  
  127  10:53  SCV  
  128  11:05  SCV  
  129  11:14  Starport Tech Lab  
  129  11:19  Marine  
  129  11:20  Marine  
  129  11:24  Marauder  
  129  11:25  Barracks  
  133  11:26  Medivac x2  
  133  11:27  Thor  
  133  11:28  Factory Tech Lab  
  143  11:37  Marine  
  143  11:38  Marine  
  145  11:45  Marauder, Widow Mine x2  
  151  11:55  Marine x2  
  151  11:57  Thor  
  151  11:59  Medivac x2  
  151  12:00  Corvid Reactor  
  163  12:02  Raven  
  163  12:06  Marine  
  163  12:07  Stimpack  
  166  12:10  Terran Infantry Weapons Level 3  
  166  12:13  Marine x2, Widow Mine x2  
  157  12:24  Marine  
  158  12:31  Marine x2  
  160  12:37  Command Center  
  154  12:48  Marine  
  154  12:49  Marine  
  133  13:23  Liberator x2  
  122  13:37  Thor  
  122  13:38  Widow Mine x2  
  132  13:41  Thor  
  132  13:44  Marine  
  132  13:45  Marine x2  
  134  13:49  Barracks Reactor  
  134  13:53  Medivac  
  135  14:02  Marine x3  
  123  14:06  Liberator x2  
  123  14:07  Widow Mine  
  113  14:20  Marine x3  
  122  14:24  Hellbat  
  122  14:25  Infernal Pre-Igniter  
  122  14:36  Hellbat  
  122  14:37  Marine  
  122  14:38  Marine x2  
  120  14:56  Marine  
  79  15:29  Marine x2  
  79  15:31  Thor, Widow Mine  
  79  15:32  Widow Mine  
  79  15:35  Thor  
  93  15:36  Marine x2  
  95  15:47  Marine x2  
  97  15:51  Marine  
  97  15:54  Marine x2  
  100  15:58  Terran Vehicle Weapons Level 2  
  100  15:59  Terran Vehicle And Ship Armor Level 2  
  100  16:00  Widow Mine x2  
  100  16:01  Viking  
  106  16:04  Marine  
  106  16:05  Marine  
  106  16:09  Marine  
  109  16:12  Marine x2  
  109  16:14  Thor, Missile Turret  
  109  16:16  Orbital Command  
  109  16:18  Thor  
  123  16:22  Marine  
  123  16:23  Marine  
  125  16:26  Marine  
  125  16:29  Widow Mine  
  125  16:30  Marine x2  
  130  16:35  Viking, Missile Turret  
  130  16:36  Viking  
  130  16:37  Missile Turret  
  130  16:38  Terran Infantry Armor Level 3  
  134  16:40  Marine  
  134  16:41  Marine  
  134  16:44  Marine, Missile Turret  
  137  16:55  Refinery  
  137  16:56  Missile Turret  
  137  16:57  Missile Turret  
  137  16:58  Refinery  
  137  17:02  Marine  
  137  17:03  Building Armor  
  137  17:06  Widow Mine  
  137  17:08  Thor  
  146  17:09  Marine x2  
  146  17:13  Medivac  
  146  17:14  Viking  
  152  17:15  Thor  
  152  17:17  Missile Turret  
  152  17:19  Marine x2  
  152  17:21  Marauder  
  152  17:22  Concussive Shells  
  162  17:27  Marine x2  
  164  17:30  Missile Turret  
  164  17:36  Marine  
  164  17:37  Marine  
  165  17:42  Marauder  
  168  17:45  Marine x2  
  168  17:50  Missile Turret  
  170  18:03  Marine x2  
  172  18:15  Command Center  
  172  18:25  Missile Turret  
  172  18:27  Missile Turret  
  172  18:31  Missile Turret  
  172  18:34  Missile Turret  
  172  18:37  SCV  
  172  18:39  Missile Turret  
  83  19:47  Marine  
  83  19:48  Marine x2  
  83  19:49  Marine  
  87  19:54  Siege Tank  
  87  19:55  Siege Tank  
  93  20:05  Marine x2  
  93  20:06  Marine  
  93  20:07  Marine  
  90  20:09  Widow Mine x2  
  89  20:23  Marine x2, Marauder  
  89  20:24  Marine x2  
  95  20:38  Widow Mine x2  
  95  20:41  Marine x2  
  95  20:42  Viking x2  
  105  20:45  Marauder  
  107  20:58  Marine  
  107  20:59  Marine  
  104  21:06  Widow Mine x2, Marauder  
  104  21:08  Thor  
  104  21:10  Thor  
  119  21:12  Viking x2  
  119  21:14  Viking  
  125  21:27  Marauder  
  120  21:35  Widow Mine  
  116  22:11  Marine  
  116  22:12  Marine x3  
  112  22:29  Marine  
  105  22:30  Marine x3  
  81  22:47  Marine x2  
  81  22:48  Marine x2  
  85  23:05  Marine x2  
  82  23:06  Marine x2  
  81  23:21  Widow Mine x2  
  81  23:23  Marine x4, Viking x2  
  81  23:24  Thor  
  81  23:27  Terran Ship Weapons Level 3  
  97  23:28  Terran Vehicle And Ship Armor Level 3  
  97  23:30  Viking  
  97  23:31  Thor  
  103  23:40  Marine  
  103  23:41  Marine x3  
  107  23:49  SCV, Widow Mine  
  107  23:50  Widow Mine  
  107  23:53  Viking x2  
  107  23:55  Marauder  
  118  23:58  Marine  
  118  23:59  Marine x3, Viking  
  118  24:01  SCV  
  125  24:07  Thor  
  131  24:16  Marine, Marauder  
  131  24:17  Marine x3  
  134  24:18  Widow Mine x2  
  134  24:23  Viking x2  
  141  24:34  Marine x2  
  141  24:35  Marine  
  141  24:38  Marauder  
  144  24:46  Widow Mine  
  144  24:47  Widow Mine  
  148  24:53  Viking  
  148  24:54  Marine x2  
  148  24:57  Marine x2  
  148  24:58  Viking  
  156  25:12  Marine x2  
  158  25:23  Viking  
  160  25:33  Marine  
  160  25:34  Marine x3  
  164  25:35  Thor  
  164  25:37  Hellbat  
  148  25:51  Marine  
  148  25:52  Marine  
  146  26:25  Marine  
  146  26:26  Marine  
  146  26:27  Marine x2  
  146  26:28  Marauder  
  146  26:29  Viking  
  154  26:43  Marine  
  154  26:44  Marine x2  
  154  26:45  Marine  
  157  26:50  Marauder  
  156  27:01  Marine  
  157  27:10  Marine  
  158  27:19  Marine  
  153  27:28  Marine  
  154  27:36  Marine x2  
  156  27:37  Marine  
  156  27:41  Marine  
  158  27:46  Marine  
  159  27:53  Marine x2  
  159  27:54  Marine  
  156  27:59  Marine  
  156  28:04  Marine  
  144  28:11  Marine x2  
  144  28:12  Marine  
  100  28:22  Marine  
  97  28:29  Marine  
  98  28:44  Viking x2  
  98  28:48  Widow Mine x2  
  102  28:50  Marine x2  
  102  28:51  Marine  
  102  28:52  Marine  
  102  28:54  Marine  
  111  28:59  Medivac  
  113  29:08  Marine x2  
  113  29:09  Marine  
  116  29:10  Marine  
  116  29:12  Marine  
  116  29:13  Refinery  
  116  29:14  Viking x2  
  116  29:16  Widow Mine, Refinery  
  116  29:17  Widow Mine  
  124  29:26  Marine x2  
  124  29:27  Marine x2  
  124  29:29  Marine  
  129  29:34  Medivac  
  131  29:43  Marine  
  131  29:44  Marine, Medivac x2  
  131  29:45  Marine x2  
  136  29:47  Marine  
  136  30:01  Marine  
  136  30:02  Marine x2  
  136  30:03  Marine  
  136  30:05  Marine  
  141  30:19  Marine  
  141  30:20  Marine x2  
  141  30:21  Marine  
  133  31:03  Marine x2  
  135  31:04  Marine x2  
  135  31:06  Marauder  
  135  31:08  Thor  
  149  31:11  Hellbat x2  
  149  31:13  Terran Vehicle Weapons Level 3  
  155  31:19  Medivac  
  155  31:20  Marine  
  155  31:21  Marine  
  155  31:22  Marine x2  
  155  31:23  Medivac  
  157  31:28  Marauder  
  157  31:32  Hellbat x2  
  163  31:38  Marine, Viking  
  163  31:39  Marine  
  167  31:40  Marine x2  
  169  31:49  Marauder  
  169  31:54  Hellbat x2  
  175  31:56  Marine  
  175  31:57  Marine x2  
  175  31:58  Marine  
  178  33:00  Orbital Command  
Show
View Real Time Build Order
Export as new Build Order

thejatt Zerg - Winner!

Build Orders: Hatch First 

Get SALT Encoding   

  12  0:02  Drone  
  13  0:13  Drone  
  14  0:24  Overlord  
  14  0:53  Drone  
  14  0:55  Drone x2  
  17  0:59  Extractor  
  17  1:00  Extractor  
  15  1:10  Drone  
  15  1:11  Hatchery  
  15  1:17  Overlord  
  15  1:31  Drone  
  16  1:37  Drone  
  17  1:46  Spawning Pool  
  16  1:49  Drone  
  17  2:02  Drone  
  18  2:20  Drone  
  19  2:26  Hatchery, Drone  
  19  2:36  Drone x2  
  21  2:42  Drone  
  21  2:43  Drone  
  23  2:47  Drone  
  24  3:07  Queen  
  24  3:08  Queen  
  28  3:13  Drone  
  28  3:18  Spore Crawler  
  28  3:23  Spore Crawler  
  28  3:24  Drone  
  28  3:25  Drone  
  29  3:30  Drone  
  29  3:33  Drone  
  31  3:38  Drone  
  32  3:44  Lair  
  32  3:50  Spore Crawler  
  32  3:52  Drone  
  32  3:53  Drone x2  
  34  3:57  Drone x2  
  36  4:04  Drone  
  36  4:05  Drone  
  38  4:11  Spore Crawler  
  38  4:12  Queen  
  38  4:13  Drone  
  40  4:17  Drone  
  40  4:18  Drone  
  40  4:21  Overlord  
  42  4:25  Overlord  
  42  4:36  Extractor  
  41  4:38  Extractor, Drone  
  41  4:39  Drone  
  41  4:40  Extractor  
  41  4:42  Extractor  
  40  4:46  Infestation Pit  
  40  4:49  Drone  
  40  4:50  Drone x2  
  40  4:51  Drone  
  40  4:52  Drone x2  
  45  4:54  Drone  
  45  4:55  Drone x3  
  45  4:57  Drone x2  
  51  5:05  Drone x3  
  54  5:09  Drone  
  54  5:10  Drone  
  54  5:11  Drone  
  57  5:14  Burrow  
  57  5:22  Hydralisk Den  
  57  5:25  Infestor  
  58  5:34  Overlord x5  
  58  5:41  Neural Parasite  
  58  5:48  Evolution Chamber  
  58  5:49  Drone  
  58  5:51  Evolution Chamber  
  58  5:53  Muscular Augments  
  57  5:57  Overlord  
  57  5:58  Overlord x3  
  57  6:02  Drone x3  
  57  6:03  Drone x2  
  62  6:04  Drone x2  
  62  6:06  Drone  
  65  6:20  Infestor x2  
  69  6:35  Zerg Missile Weapons Level 1  
  69  6:41  Spore Crawler  
  69  6:42  Spine Crawler  
  69  6:43  Infestor  
  69  6:49  Spore Crawler  
  69  6:50  Spore Crawler  
  67  6:54  Spore Crawler  
  67  6:59  Drone x3  
  67  7:01  Drone x3  
  71  7:05  Spore Crawler  
  71  7:06  Spore Crawler  
  71  7:07  Spore Crawler  
  69  7:10  Spore Crawler  
  69  7:11  Spore Crawler  
  69  7:13  Spine Crawler x2  
  66  7:15  Drone  
  66  7:18  Spine Crawler, Drone x5  
  66  7:19  Drone x4  
  66  7:20  Infestor x3  
  80  7:31  Zerg Ground Armor Level 1  
  80  7:34  Drone x3  
  83  7:49  Infestor  
  86  7:51  Drone x3  
  86  7:54  Infestor  
  86  7:56  Infestor  
  92  8:08  Spore Crawler  
  92  8:10  Spore Crawler  
  90  8:15  Spore Crawler  
  89  8:21  Infestor x2  
  93  8:28  Zergling x8  
  97  8:47  Overlord x2  
  97  8:48  Overlord x2  
  97  8:49  Overlord  
  97  8:50  Overlord  
  97  8:51  Overlord x4  
  97  8:52  Overlord x3  
  97  9:12  Overlord x3  
  97  9:20  Spore Crawler  
  96  9:28  Infestor x4  
  96  9:29  Infestor x2  
  96  9:30  Infestor x2, Spine Crawler x2  
  110  9:43  Zerg Missile Weapons Level 2  
  110  9:51  Zergling x2  
  110  9:52  Zergling x2  
  112  9:54  Zergling x6  
  112  9:56  Zergling x6  
  112  9:57  Metabolic Boost  
  112  9:59  Hive  
  118  10:03  Pathogen Glands  
  118  10:06  Zergling x4  
  118  10:07  Zergling x4  
  122  10:11  Extractor  
  122  10:12  Hatchery  
  120  10:15  Extractor  
  120  10:16  Zerg Ground Armor Level 2  
  119  10:42  Infestor x2  
  119  10:45  Zergling x4  
  119  10:46  Zergling x6  
  119  10:48  Zergling x10  
  133  11:03  Drone x2  
  133  11:04  Drone  
  136  11:05  Drone  
  136  11:07  Drone x3  
  136  11:11  Drone x2  
  142  11:12  Drone  
  142  11:13  Hatchery, Extractor  
  142  11:14  Drone  
  142  11:16  Extractor  
  141  11:22  Drone x3  
  144  11:27  Drone  
  144  11:28  Drone  
  144  11:30  Queen  
  148  11:38  Adrenal Glands  
  148  11:44  Ultralisk Cavern  
  148  11:45  Drone x2  
  148  11:46  Drone x2  
  151  11:49  Drone x2  
  153  11:57  Infestor x3  
  153  11:58  Infestor  
  161  12:10  Infestor  
  161  12:11  Infestor x4  
  171  12:21  Zerg Missile Weapons Level 3  
  171  12:24  Drone x2  
  171  12:25  Drone  
  171  12:27  Drone  
  171  12:28  Drone x2  
  171  12:29  Queen, Drone  
  178  12:34  Zerg Ground Armor Level 3  
  180  12:52  Infestor x2  
  144  13:36  Infestor x2  
  144  13:37  Infestor  
  138  13:41  Ultralisk x2  
  138  13:42  Ultralisk  
  156  13:49  Zergling x2  
  156  13:53  Zergling x12  
  156  13:54  Zergling x2  
  164  14:01  Zergling x2  
  165  14:03  Zergling x2  
  165  14:04  Zergling x2  
  165  14:05  Zergling x2  
  168  14:16  Ultralisk  
  174  14:17  Ultralisk x2  
  174  14:18  Ultralisk  
  174  14:19  Ultralisk  
  197  14:58  Zerg Melee Weapons Level 1  
  131  15:43  Infestor x2  
  131  15:44  Infestor x2  
  131  15:45  Infestor x6  
  131  15:46  Infestor x3  
  131  15:47  Infestor x3  
  163  16:02  Spore Crawler x2  
  163  16:03  Spore Crawler  
  160  16:05  Spine Crawler  
  159  16:11  Spine Crawler  
  159  16:13  Chitinous Plating  
  159  16:16  Lurker Den  
  158  16:32  Spine Crawler  
  157  16:35  Spine Crawler  
  157  16:36  Spine Crawler  
  157  16:37  Spore Crawler  
  154  16:47  Zergling x12  
  156  16:49  Ultralisk x6  
  156  16:51  Zergling x6  
  199  16:56  Zerg Melee Weapons Level 2  
  199  16:58  Zergling x2  
  199  17:00  Overlord x2  
  199  17:01  Overlord  
  200  17:29  Spore Crawler x2  
  198  17:33  Overseer x5  
  198  18:22  Spore Crawler  
  198  18:23  Spore Crawler, Spine Crawler  
  198  18:24  Spore Crawler  
  198  18:25  Spine Crawler  
  193  18:27  Spine Crawler x2  
  193  18:28  Spine Crawler x3  
  193  18:29  Spine Crawler  
  193  18:30  Spore Crawler  
  93  19:17  Infestor x3  
  93  19:24  Infestor x6  
  87  19:26  Ultralisk x3  
  105  19:35  Infestor x6  
  105  19:37  Ultralisk x3  
  105  19:38  Ultralisk  
  129  19:39  Zergling x2  
  129  19:40  Zergling x14  
  129  19:41  Zergling x8  
  129  19:42  Zergling x12  
  129  19:43  Zergling x2  
  148  20:29  Infestor x3  
  152  21:11  Infestor x3  
  154  21:18  Zergling x10  
  163  21:21  Spire  
  162  21:27  Zergling x2  
  163  21:54  Zergling x10  
  163  21:55  Zergling x4  
  163  21:56  Zergling x8  
  163  21:57  Zergling x4  
  163  21:58  Zergling x6  
  173  22:03  Zergling x6  
  173  22:04  Zergling x10  
  173  22:08  Zergling x10  
  183  22:23  Zergling x4  
  183  22:24  Zergling x4  
  183  22:25  Zergling x6  
  190  22:41  Zergling x4  
  130  23:42  Zergling x6  
  130  23:43  Zergling x10  
  130  23:44  Zergling x2  
  130  23:46  Zergling x4  
  130  23:47  Zergling x2  
  130  23:48  Zergling x10  
  146  23:49  Zergling x2  
  146  23:50  Zergling x12  
  148  24:10  Infestor x2  
  148  24:11  Infestor x2  
  156  24:23  Ultralisk Cavern  
  155  24:35  Spore Crawler  
  155  24:36  Spore Crawler, Spine Crawler  
  155  24:37  Spore Crawler  
  145  24:39  Spore Crawler  
  145  24:41  Spine Crawler  
  133  25:14  Ultralisk x3  
  133  25:15  Zergling x8  
  133  25:16  Infestor, Zergling x4  
  133  25:17  Infestor x3  
  141  25:42  Infestor x7  
  141  25:46  Zergling x4  
  141  25:47  Zergling x4  
  141  25:49  Zergling x6  
  142  25:51  Zergling x2  
  142  25:52  Zergling x4  
  142  25:55  Zergling x6  
  148  26:02  Zergling x2  
  149  26:04  Zergling x2  
  149  26:05  Zergling x2  
  149  26:06  Zergling x2  
  149  26:08  Zergling x4  
  154  26:27  Overseer  
  154  26:42  Zergling x2  
  154  26:43  Zergling x4  
  154  26:44  Zergling x8  
  154  26:45  Zergling x8  
  154  26:46  Zergling x2  
  167  26:47  Zergling x8  
  167  26:48  Zergling x6  
  167  26:49  Zergling x4  
  175  27:16  Spawning Pool  
  174  27:30  Spore Crawler  
  174  27:33  Spine Crawler x3  
  174  27:34  Extractor  
  169  27:37  Extractor  
  169  27:43  Zergling x4  
  169  27:44  Zergling x2  
  171  27:45  Zergling x12  
  171  27:47  Zergling x6  
  171  27:48  Zergling x6  
  171  27:50  Zergling x8  
  171  27:51  Zergling x4  
  189  27:55  Zergling x6  
  192  28:19  Hatchery  
  191  28:39  Zergling x4  
  191  28:40  Zergling x4  
  191  28:41  Zergling x8  
  199  30:00  Spore Crawler  
  199  30:01  Spore Crawler  
  199  30:02  Spore Crawler x2  
  199  30:03  Spore Crawler x2  
  199  30:06  Spore Crawler  
  192  30:09  Spore Crawler  
  190  30:33  Spine Crawler  
  189  30:36  Spine Crawler  
  189  30:38  Spore Crawler, Ultralisk x2, Spine Crawler  
  152  31:03  Infestor x3  
  158  31:06  Infestor  
  160  32:12  Corruptor x4  
  168  32:26  Overseer  
  168  32:34  Zergling x2  
  168  32:35  Zergling x4  
  168  32:36  Zergling x10  
  168  32:37  Zergling x4  
  178  32:38  Zergling x4  
  178  32:39  Zergling x14  
  178  32:40  Zergling x10  
  178  32:43  Zergling x8  
  178  32:44  Zergling x8  
  164  33:51  Ultralisk x2  
  116  34:07  Ultralisk  
  116  34:08  Zergling x6  
  116  34:09  Zergling x10  
  130  34:10  Zergling x6  
  130  34:11  Zergling x6  
  130  34:12  Zergling x6  
  130  34:13  Zergling x16  
  130  34:14  Zergling x6  
  150  34:29  Zergling x2  
  150  34:30  Zergling x4  
Show
View Real Time Build Order
Export as new Build Order

gingas Protoss - Winner!

Build Orders: Phoenix Opening 

Get SALT Encoding   

  12  0:03  Probe (Chrono Boost)  
  13  0:13  Probe (Chrono Boost)  
  14  0:21  Pylon  
  14  0:24  Probe (Chrono Boost)  
  15  0:39  Assimilator, Probe (Chrono Boost)  
  16  0:49  Probe (Chrono Boost)  
  17  0:51  Gateway  
  17  1:00  Probe (Chrono Boost)  
  18  1:10  Probe (Chrono Boost)  
  19  1:21  Probe (Chrono Boost)  
  20  1:32  Probe (Chrono Boost)  
  21  1:42  Probe (Chrono Boost)  
  21  1:43  Cybernetics Core  
  22  1:49  Assimilator  
  22  1:53  Probe (Chrono Boost)  
  23  1:58  Nexus  
  23  2:15  Pylon  
  23  2:29  Stargate  
  23  2:33  Probe (Chrono Boost)  
  24  2:38  Forge  
  24  2:43  Probe (Chrono Boost)  
  25  2:54  Probe (Chrono Boost)  
  26  2:58  Stargate  
  26  3:04  Probe (Chrono Boost)  
  27  3:12  Pylon  
  27  3:14  Phoenix  
  27  3:15  Probe (Chrono Boost)  
  30  3:23  Probe (Chrono Boost)  
  30  3:26  Probe (Chrono Boost)  
  32  3:32  Assimilator  
  32  3:33  Probe (Chrono Boost)  
  33  3:36  Assimilator  
  33  3:39  Phoenix  
  35  3:44  Probe (Chrono Boost)  
  35  3:45  Probe (Chrono Boost)  
  37  3:49  Phoenix  
  39  4:04  Probe (Chrono Boost)  
  40  4:13  Probe (Chrono Boost)  
  40  4:14  Probe (Chrono Boost)  
  42  4:19  Phoenix x2  
  46  4:25  Probe (Chrono Boost)  
  47  4:38  Probe (Chrono Boost)  
  48  4:47  Nexus  
  48  4:48  Probe (Chrono Boost)  
  48  4:51  Assimilator  
  49  4:55  Assimilator  
  49  4:56  Phoenix x2  
  53  5:06  Stargate  
  53  5:10  Probe (Chrono Boost)  
  54  5:20  Pylon  
  54  5:26  Pylon  
  54  5:38  Pylon  
  54  5:39  Probe x2 (Chrono Boost)  
  56  5:48  Phoenix  
  56  5:49  Phoenix, Probe (Chrono Boost)  
  61  5:50  Phoenix  
  63  5:59  Fleet Beacon  
  63  6:04  Probe (Chrono Boost)  
  64  6:15  Probe (Chrono Boost)  
  64  6:17  Probe (Chrono Boost)  
  66  6:23  Phoenix x2  
  66  6:24  Phoenix  
  73  6:25  Probe (Chrono Boost)  
  73  6:27  Probe (Chrono Boost)  
  74  6:36  Probe (Chrono Boost)  
  75  6:46  Probe (Chrono Boost)  
  76  6:57  Carrier x2  
  76  7:00  Graviton Catapult  
  88  7:18  Probe (Chrono Boost)  
  89  7:26  Stargate  
  89  7:28  Stargate, Probe (Chrono Boost)  
  90  7:39  Probe (Chrono Boost)  
  91  7:49  Probe (Chrono Boost)  
  92  7:57  Anion Pulse-Crystals  
  37  9:01  Pylon  
  37  9:05  Pylon  
  37  9:13  Pylon  
  37  9:14  Probe (Chrono Boost)  
  38  9:19  Carrier x2  
  38  9:20  Carrier x3  
  68  9:24  Protoss Air Weapons Level 1  
  68  9:25  Probe (Chrono Boost)  
  68  9:28  Protoss Shields Level 1  
  69  9:35  Probe (Chrono Boost)  
  70  9:40  Photon Cannon  
  70  9:44  Photon Cannon  
  70  9:46  Probe (Chrono Boost)  
  71  9:53  Photon Cannon  
  71  9:56  Probe (Chrono Boost)  
  71  9:59  Probe (Chrono Boost)  
  74  10:07  Probe (Chrono Boost)  
  74  10:09  Probe (Chrono Boost)  
  75  10:16  Probe (Chrono Boost)  
  75  10:17  Probe (Chrono Boost)  
  75  10:20  Probe (Chrono Boost)  
  78  10:27  Probe (Chrono Boost)  
  78  10:28  Probe (Chrono Boost)  
  80  10:37  Probe (Chrono Boost)  
  81  11:00  Carrier  
  81  11:01  Carrier  
  93  11:13  Probe (Chrono Boost)  
  93  11:17  Probe (Chrono Boost)  
  95  11:18  Protoss Air Armor Level 1  
  95  11:21  Probe (Chrono Boost)  
  95  11:23  Probe (Chrono Boost)  
  97  11:27  Probe (Chrono Boost)  
  97  11:31  Probe (Chrono Boost)  
  99  11:34  Probe (Chrono Boost)  
  100  11:46  Carrier  
  106  11:52  Carrier  
  112  12:03  Pylon  
  112  12:07  Pylon  
  112  12:13  Pylon  
  112  12:16  Probe (Chrono Boost)  
  113  12:26  Probe (Chrono Boost)  
  114  12:43  Carrier  
  120  12:44  Carrier  
  72  14:05  Nexus  
  72  14:09  Assimilator  
  72  14:32  Void Ray  
  72  14:33  Void Ray x4  
  86  15:15  Void Ray x2  
  86  15:16  Void Ray x2  
  84  15:34  Void Ray  
  87  15:44  Probe (Chrono Boost)  
  88  15:54  Probe (Chrono Boost)  
  89  15:58  Void Ray x3  
  89  15:59  Void Ray  
  105  16:05  Probe (Chrono Boost)  
  106  16:15  Probe (Chrono Boost)  
  106  16:16  Void Ray  
  111  16:26  Assimilator, Probe (Chrono Boost)  
  112  16:41  Void Ray x4  
  128  17:26  Void Ray x2  
  128  17:27  Void Ray x3  
  148  17:38  Protoss Air Weapons Level 2  
  148  18:09  Void Ray x2  
  156  19:03  Probe (Chrono Boost)  
  133  19:14  Probe (Chrono Boost)  
  82  19:24  Probe (Chrono Boost)  
  82  19:25  Void Ray  
  82  19:26  Void Ray x4  
  75  20:08  Void Ray  
  74  21:59  Protoss Air Armor Level 2  
  74  22:14  Void Ray  
  74  22:15  Void Ray  
  74  22:19  Void Ray x2  
  74  22:39  Pylon  
  74  22:42  Pylon  
  74  22:45  Pylon  
  74  22:52  Pylon  
  74  22:53  Pylon  
  74  22:57  Pylon  
  74  23:02  Void Ray  
  74  23:04  Pylon  
  78  23:09  Void Ray  
  54  24:40  Gateway  
  54  24:44  Gateway  
  54  24:46  Gateway  
  54  24:50  Gateway  
  54  24:51  Gateway  
  54  25:35  Twilight Council  
  54  25:39  Zealot  
  56  25:44  Zealot x4  
  56  25:45  Zealot  
  66  25:55  Probe (Chrono Boost)  
  67  26:06  Zealot, Probe (Chrono Boost)  
  70  26:11  Zealot x3  
  70  26:12  Zealot x2  
  80  26:29  Charge  
  80  26:34  Zealot  
  80  26:38  Zealot x3  
  80  26:39  Zealot x2  
  92  26:52  Probe (Chrono Boost)  
  93  27:01  Zealot  
  95  27:03  Probe (Chrono Boost)  
  95  27:05  Zealot x2  
  95  27:06  Zealot x3  
  106  27:09  Nexus  
  106  27:13  Assimilator, Probe (Chrono Boost)  
  107  27:18  Assimilator  
  107  27:28  Zealot  
  109  27:32  Zealot  
  109  27:33  Zealot x4  
  119  27:46  Void Ray x2  
  119  27:47  Void Ray x2  
  119  27:48  Void Ray  
  139  27:55  Zealot  
  141  28:00  Zealot x3  
  147  28:21  Zealot x2  
  147  28:26  Probe (Chrono Boost)  
  152  28:36  Probe (Chrono Boost)  
  153  28:47  Probe (Chrono Boost)  
  154  29:23  Void Ray x2  
  162  30:08  Void Ray  
  162  30:09  Void Ray x2  
  106  30:37  Void Ray x2  
  114  30:51  Void Ray x2  
  114  30:52  Void Ray  
  126  31:19  Void Ray  
  130  31:33  Void Ray x2  
  130  31:34  Void Ray  
  142  32:05  Void Ray  
  142  32:06  Void Ray  
Show
View Real Time Build Order
Export as new Build Order

Winthrowe Terran - Winner!

Build Orders: Banshee Rush 

Get SALT Encoding   

  12  0:02  SCV  
  14  0:14  SCV  
  14  0:20  Supply Depot  
  14  0:29  SCV  
  15  0:42  SCV  
  16  0:44  Refinery  
  16  0:45  Refinery  
  16  0:56  SCV  
  17  0:59  Barracks  
  17  1:08  SCV  
  18  1:21  SCV  
  19  1:33  SCV  
  20  1:45  SCV  
  21  1:50  Factory  
  21  1:55  Barracks Tech Lab  
  21  1:57  SCV  
  22  2:09  SCV  
  23  2:28  Supply Depot  
  23  2:30  Orbital Command  
  23  2:37  Starport  
  23  2:43  Factory Reactor  
  23  2:59  SCV  
  24  3:15  Supply Depot  
  24  3:37  Supply Depot  
  24  3:39  Cloaking Field  
  24  3:43  Banshee  
  27  3:51  Barracks Tech Lab  
  27  4:00  Supply Depot  
  27  4:06  Cyclone  
  27  4:07  Cyclone  
  33  4:11  Marine  
  34  4:24  Supply Depot  
  34  4:25  Banshee  
  37  4:40  Command Center  
  37  4:41  Engineering Bay  
  37  4:46  Supply Depot  
  37  5:09  Barracks Reactor  
  37  5:13  Starport  
  37  5:20  Cyclone x2  
  43  5:31  Banshee  
  46  5:39  SCV  
  47  5:49  Marine x2  
  49  5:51  SCV  
  49  5:56  Terran Infantry Weapons Level 1  
  50  6:03  SCV  
  51  6:06  Marine  
  51  6:10  Orbital Command  
  52  6:13  Banshee  
  52  6:15  SCV  
  54  7:08  Marine  
  54  7:09  Marine  
  54  7:11  Hellion x2  
  54  7:14  Viking  
  54  7:15  Viking  
  64  7:26  Marine x2  
  66  7:32  Hellion  
  66  7:33  Hellion  
  70  7:44  Marine x2, Viking  
  70  7:45  Raven  
  73  7:54  Hellion x2  
  77  8:02  Marine x2  
  66  8:14  Viking  
  66  8:15  Hellion x2  
  69  8:28  Viking  
  71  8:43  Marine x2  
  71  8:44  Viking  
  75  8:58  Viking  
  75  9:00  Marine  
  75  9:01  Marine  
  79  9:13  Cyclone  
  79  9:14  Viking  
  84  9:18  Marine x2  
  86  9:42  Supply Depot  
  86  9:49  Supply Depot  
  86  10:00  Supply Depot  
  86  10:03  Marine x2, Viking x2, SCV x2  
  86  10:04  Supply Depot  
  94  10:16  SCV  
  95  10:24  SCV  
  95  10:27  Refinery x2  
  95  10:28  SCV  
  97  10:36  SCV  
  97  10:40  SCV  
  99  10:48  SCV  
  100  10:52  SCV  
  101  11:15  Raven, Banshee  
  106  11:21  Marine  
  106  11:22  Marine  
  108  11:39  Marine  
  109  11:40  Marine  
  110  11:57  Marine  
  110  11:58  Marine, Raven, Viking  
  110  12:23  Marine  
  110  12:24  Marine  
  110  12:27  Cyclone  
  110  12:28  Cyclone  
  118  12:40  Viking  
  118  12:41  Viking, Marine  
  118  12:42  Marine  
  106  12:58  Liberator  
  95  12:59  Marine x2, Cyclone  
  86  13:10  Viking  
  85  13:17  Marine x2  
  85  13:23  Liberator  
  85  13:34  Marine, Cyclone  
  76  13:35  Marine  
  76  13:41  Liberator  
  52  13:52  Marine  
  52  13:53  Marine  
  57  14:06  SCV  
  57  14:07  SCV  
  59  14:18  SCV  
  59  14:19  SCV  
  59  14:23  Medivac  
  63  14:31  SCV x2  
  62  14:45  Command Center  
  34  15:00  Liberator  
  34  15:01  Liberator  
  40  15:43  Marine, Liberator x2  
  40  15:44  Marine  
  42  15:55  Cyclone x2  
  48  16:01  Marine  
  48  16:02  Marine  
  56  16:27  Cyclone x2  
  59  16:36  Marine  
  59  16:37  Marine  
  54  16:54  Marine  
  54  16:55  Marine  
  54  16:59  Cyclone x2  
  62  17:12  Marine x2  
  64  17:30  Marine x2  
  66  18:13  Marine  
  66  18:14  Marine  
  66  18:19  Hellion x2  
  72  18:28  High Capacity Fuel Tanks  
  72  18:31  Marine  
  72  18:32  Marine  
  74  18:40  Fusion Core, Hellion x2  
  78  18:49  Marine  
  78  18:50  Marine  
  80  19:01  Hellion  
  80  19:02  Liberator, Hellion  
  84  19:07  Marine x2  
  86  19:23  Hellion x2  
  93  19:25  Marine x2  
  95  19:42  Marine  
  95  19:43  Marine  
  97  19:49  Planetary Fortress  
  97  20:00  Marine  
  97  20:01  Marine  
  99  20:18  Marine  
  99  20:19  Marine  
  77  20:36  Marine x2  
  38  20:54  Marine x2  
  40  20:58  SCV  
  41  21:10  Missile Turret, SCV  
  31  22:35  Terran Infantry Armor Level 1  
  31  22:51  Barracks  
  31  22:53  Barracks  
  25  23:41  Barracks  
  25  23:47  Combat Shields  
  25  23:55  Marine, Marauder  
  28  23:57  Marine  
  29  24:13  Marine  
  29  24:15  Marine  
  29  24:16  Marauder  
  33  24:28  Factory  
  33  24:31  Marine  
  34  24:32  Marine, Stimpack  
  34  24:38  Marauder  
  37  24:48  Marine  
  37  24:50  Marine  
  39  24:59  Marauder  
  41  25:06  Concussive Shells  
  41  25:20  Marauder  
  23  27:51  Orbital Command  
  23  27:54  Orbital Command  
  23  28:51  SCV  
  24  29:03  SCV  
  25  29:15  SCV  
  26  29:27  SCV  
  23  30:09  Command Center  
  23  33:16  Planetary Fortress  
  23  33:53  SCV  
  24  34:05  SCV  
  25  34:17  SCV  
  26  34:29  SCV  
  27  34:41  SCV  
Tags
 
Add a new tag
Caveats
  • Supply blocks, unpowered buildings, or Contaminate may cause inaccurate times.
  • Supply counts are checked every 10 seconds.